 Dungeon Crawl Stone Soup version 0.31-a0-771-g505c3d19dc (webtiles) character file.

Game seed: 6977832726287608820

2 cforsyth the Sneak (level 1, -1/20 HPs)
             Began as a Djinni Delver on Sept 16, 2023.
             Slain by Pikel
             ... wielding a +1 whip of flaming
              (5 damage)
             ... on level 4 of the Dungeon.
             The game lasted 00:00:43 (217 turns).

cforsyth the Sneak (Djinni Delver)                   Turns: 217, Time: 00:00:43

Health: -1/20      AC:  3    Str: 11    XL:     1   Next: 33%
Gold:   14         EV: 12    Int: 11    God:
                   SH:  0    Dex: 14

rFire   + + .        a - +0 falchion
rCold   x . .        (no shield)
rNeg    . . .        b - +0 leather armour
rPois   ∞            (no helmet)
rElec   .            (no cloak)
rCorr   .            (no gloves)
SInv    .            (boots unavailable)
Will    .....        (no amulet)
Stlth   ++           (no ring)
HPRegen 0.23/turn    (no ring)
MPRegen 0.00/turn

%: infuse magic (-2 HP)
@: flying, hasted, very quick
A: sickness immunity, fire resistance 2, cold vulnerability 1, float, innate
caster, HP casting, extra vitality 1
a: no special abilities


You were on level 4 of the Dungeon.
You visited 1 branch of the dungeon, and saw 2 of its levels.

You collected 14 gold pieces.

Inventory:

Hand Weapons
 a - a +0 falchion (weapon)
Armour
 b - a +0 leather armour (worn)
Wands
 g - a wand of digging (3)
Scrolls
 c - a scroll of fog
 d - a scroll of revelation
 e - a scroll of fear


   Skills:
 + Level 3.0 Fighting
 - Level 1.7 Long Blades
 - Level 2.1 Dodging
 - Level 4.1 Stealth
 + Level 0.1 Spellcasting
 + Level 0.1 Conjurations
 + Level 0.1 Hexes
   Level 0.0 Charms
 + Level 0.1 Summonings
 + Level 0.1 Necromancy
 + Level 0.1 Translocations
 + Level 0.1 Transmutations
 + Level 0.1 Fire Magic
 + Level 0.1 Ice Magic
 + Level 0.1 Air Magic
 + Level 0.1 Earth Magic
 + Level 0.1 Poison Magic You didn't know any spells. Your spell library was empty.

Dungeon Overview and Level Annotations

Branches:
Dungeon (5/15)
 Temple: D:4-7

Altars:

Annotations:
D:4 Pikel


Innate Abilities, Weirdness & Mutations

You are immune to sickness and miasma.
You are immune to poison.
Your flesh is very heat resistant. (rF++)
You are vulnerable to cold. (rC-)
You float through the air rather than walking.
You learn spells naturally, not from books.
Your magical power is your life essence.
You have superior vitality. (+4 MHP)


Message History

You barely miss the orc. The orc closely misses you.
You hit the orc.
The orc is severely wounded.
The orc closely misses you.
You hit the orc.
You kill the orc!
The phantom hits you.
The phantom blinks!
You blink.
You closely miss the phantom. The phantom hits you.
The phantom blinks!
You blink.
You closely miss the phantom. The phantom barely misses you.
The phantom hits you.
You are too injured to fight recklessly!
You are too injured to fight recklessly!
You are too injured to fight recklessly!
You are too injured to fight recklessly!
You are too injured to fight recklessly!
You are too injured to fight recklessly!
You are too injured to fight recklessly!
You closely miss the phantom. The phantom hits you.
* * * LOW HITPOINT WARNING * * *
You hit the phantom.
The phantom is lightly damaged.
The phantom barely misses you.
Okay, then.
Okay, then.
Unknown command.
You feel yourself speed up.
The phantom hits you but does no damage.
The phantom attacks as it pursues you! The phantom barely misses you.
There is a stone staircase leading up here.
There is an escape hatch in the ceiling here.
A mysterious force pulls you upwards. The hatch slams shut behind you.
The lemure shouts! x2; Pikel shouts!
The lemure shouts!
You hear an angry hiss.
You hear a shout!
You hear an angry hiss.
You barely miss Pikel.
An adder comes into view.
You barely miss Pikel.
Pikel hits you with a +1 whip of flaming.
You die...
Pikel says, "Another soul for the market."

..S...
.....
.... ...
..## .5#
#K# #@#
#.^5.5.#
#..##5###
.... #.#
#B# ..# .
... ...
....


You could see Pikel, 4 lemures, an adder and a giant cockroach.

Vanquished Creatures
  An orc (D:5)
1 creature vanquished.

Notes
Turn   | Place    | Note
-------+----------+-------------------------------------------
     0 | D:5      | cforsyth the Djinni Delver began the quest for the Orb.
     0 | D:5      | Reached XP level 1. HP: 20/20 MP: 0/0
    67 | D:5      | Noticed an iguana
   194 | D:5      | Noticed a phantom
   202 | D:5      | HP: 1/20 [phantom (6)]
   215 | D:4      | Noticed Pikel
   215 | D:4      | Noticed a lemure
   215 | D:4      | Noticed a lemure
   215 | D:4      | Noticed a lemure
   215 | D:4      | Noticed a lemure
   217 | D:4      | Slain by Pikel

Illustrated notes

Levels and vault maps discovered:
D:4:      layout_rooms, uniq_eustachio, uniq_ijyb, uniq_pikel
D:5:      layout_gridville, hangedman_decor_points, dk_noncrumbling_4

Action                     || total
---------------------------++-------
  Melee: Falchion          ||     9
    Use: Potion            ||     1
 Armour: Leather armour    ||     7
  Dodge: Dodged            ||     5

Table legend: (Time is in decaauts)
 A = Elapsed time spent in this place.
 B = Non-inter-level travel time spent in this place.
 C = Inter-level travel time spent in this place.
 D = Time resting spent in this place.
 E = Time spent auto-exploring this place.
 F = Levels seen in this place.
 G = Mean time per level.
                   A        B        C        D        E       F      G
               +--------+--------+--------+--------+--------+-----+--------+
         Total |    214 |    214 |      0 |      0 |    143 |   2 |  107.0 |
       Dungeon |    214 |    214 |      0 |      0 |    143 |   2 |  107.0 |
               +--------+--------+--------+--------+--------+-----+--------+

Top non-repeatable levels by time:
     D:5: 213 daAuts
     D:4: 1 daAuts
